 Dungeon Crawl Stone Soup version bcrawl-1.17.3 (webtiles) character file.

Game seed: 2291413127011541065

49 JackS81 the Charmwright (level 3, -9/21 HPs)
             Began as a Skeleton Skald on Oct 31, 2019.
             Killed by divine providence
             ... invoked by an orc priest
              (12 damage)
             ... on level 2 of the Dungeon.
             The game lasted 00:04:43 (1195 turns).

JackS81 the Charmwright (Skeleton Skald)            Turns: 1195, Time: 00:04:44

Health: -9/21      AC:  3    Str: 17    XL:     3   Next: 53%
Magic:  0/7        EV: 12    Int: 11    God:
Gold:   57         SH:  0    Dex:  9    Spells: 4/8 levels left

rFire    . . .     SeeInvis .   g - +2 whip (venom)
rCold    + . .     Gourm    .   (no shield)
rNeg     + + +     Faith    .   b - +0 leather armour
rPois    ∞         Spirit   +   (no helmet)
rElec    .         Reflect  .   (no cloak)
rCorr    .         Harm     .   (no gloves)
MR       .....                  (no boots)
Stlth    +.........             (no amulet)
HPRegen  0.07/turn              (no ring)
MPRegen  0.10/turn              (no ring)

@: infused
A: no food or potions, cold resistance 1, deterioration 1, negative energy
resistance 3, torment resistance, unbreathing, magic shield, sturdy frame 1,
spell healing
a: no special abilities


You were on level 2 of the Dungeon.
You were not hungry.

You visited 1 branch of the dungeon, and saw 2 of its levels.

You collected 57 gold pieces.

Inventory:

Hand Weapons
 a - a +0 mace
 g - a +2 whip of venom (weapon)
Armour
 b - a +0 leather armour (worn)
Scrolls
 c - a scroll of identify {unknown}
 d - a scroll of fear
 e - a scroll of remove curse {unknown}
 f - a scroll of immolation {unknown}


   Skills:
 + Level 2.1 Fighting
 * Level 3.9 Maces & Flails
 + Level 1.1 Armour
 - Level 2.0 Dodging
 + Level 3.0 Spellcasting
 + Level 4.0 Charms


You had 4 spell levels left.
You knew the following spells:

 Your Spells              Type           Power        Failure   Level  Hunger
a - Infusion              Chrm           ##......     4%          1    N/A
b - Ozocubu's Armour      Chrm/Ice       #.......     34%         3    N/A

Your spell library contained the following spells:

 Spells                   Type           Power        Failure   Level  Hunger
 Song of Slaying          Chrm           ##......     8%          2    N/A
 Spectral Weapon          Hex/Chrm       #.......     34%         3    N/A
 Regeneration             Chrm/Necr      Unusable     N/A         3    N/A

Dungeon Overview and Level Annotations

Branches:
Dungeon (2/12)

Altars:

Annotations:
D:2 Robin


Innate Abilities, Weirdness & Mutations

You do not eat or drink.
You are immune to poison.
Your flesh is cold resistant. (rC+)
Your body sometimes deteriorates upon taking damage.
You are immune to negative energy. (rN+++)
You are immune to unholy pain and torment.
You can survive without breathing.
When hurt, damage is shared between your health and your magic reserves.
Your movements are slightly less encumbered by armour. (ER -2)
Casting spells heals you.


Message History

You barely miss the goblin.
The goblin is heavily wounded.
The goblin closely misses you.
An orc comes into view. It is wielding a +0 hand axe.
The orc closely misses you.
You barely miss the goblin.
The goblin is heavily wounded.
You kill the goblin!
You completely miss the orc. The orc closely misses you.
Casting: Infusion (safe; 4% risk of failure)
Confirm with . or Enter, or press ? or * to list all spells.
You begin infusing your attacks with magical energy.
An orc priest comes into view. It is wielding a +0 hand axe.
The orc closely misses you.
You barely miss the orc. The orc hits you with a +0 flail.
* * * LOW HITPOINT WARNING * * *
The orc priest mumbles some strange prayers to Beogh against you.
Beogh smites you!
Ouch! That really hurt!
You die...

# #### #. ... #.#..#
#..#.# #...)# ..#@#
#.#o#####..#
#.#oo......#
#.#.##.###.# ##
########.#o##.###.# .
#.....<.........#.#.#
#.#.######.##.#.#.#.#
#.##.......#.###
#.####o...?.....


You could see 2 orc priests and 2 orcs.

Vanquished Creatures
  An adder (D:2)
  2 leopard geckos (D:1)
  6 bats (D:1)
  10 goblins
  9 hobgoblins
  A kobold (D:1)
  A frilled lizard (D:1)
  5 rats (D:1)
35 creatures vanquished.

Notes
Turn   | Place    | Note
-------+----------+-------------------------------------------
     0 | D:1      | JackS81 the Skeleton Skald began the quest for the Orb.
     0 | D:1      | Reached XP level 1. HP: 12/12 MP: 4/4
   184 | D:1      | Reached XP level 2. HP: 17/17 MP: 6/6
   640 | D:1      | Reached XP level 3. HP: 20/21 MP: 7/7
   643 | D:1      | Reached skill level 4 in Charms
   968 | D:2      | Learned a level 3 spell: Ozocubu's Armour
   984 | D:2      | Identified the cursed -3 helmet "Gubbaquk" {Regen+}
   984 | D:2      | Noticed Robin
  1195 | D:2      | Killed from afar by an orc priest

Skill      XL: |  1  2  3 |
---------------+----------+-----
Maces & Flails | 3 |  3.9
Charms         | 4 |  4.0
Fighting       | |  2.1
Armour         | |  1.1
Dodging        | |  2.0
Spellcasting   | |  3.0

Action                   || total
-------------------------++-------
Melee: Mace              ||    44
       Whip              ||    35
 Cast: Infusion          ||     9
Armor: Leather armour    ||    19
Dodge: Dodged            ||    52
